 Dungeon Crawl Stone Soup version 0.29-a0-284-gf9362112df (webtiles) character file.

Game seed: 5819150296125027287

50 sammy202020 the Skirmisher (level 3, -2/24 HPs)
             Began as a Gargoyle Berserker on Mar 21, 2022.
             Was a Follower of Trog.
             Slain by Natasha (7 damage)
             ... on level 3 of the Dungeon.
             The game lasted 00:01:51 (2608 turns).

sammy202020 the Skirmisher (Gargoyle Berserker)     Turns: 2608, Time: 00:01:52

Health: -2/24      AC:  5    Str: 20    XL:     3   Next: 79%
Magic:  3/3        EV: 12    Int:  9    God:    Trog [*.....]
Gold:   67         SH:  0    Dex:  9    Spells: 2/2 levels left

rFire   . . .      SeeInvis .   a - +0 mace
rCold   . . .      Faith    .   (no shield)
rNeg    + . .      Spirit   .   b - +0 animal skin
rPois   ∞          Reflect  .   (no helmet)
rElec   +          Harm     .   (no cloak)
rCorr   .          Rampage  .   (no gloves)
Will    ++...                   (no boots)
Stlth   +.........              (no amulet)
HPRegen 1.08/turn               (no ring)
MPRegen 0.08/turn               (no ring)

@: strong-willed, regenerating
A: sickness immunity, AC +3, negative energy resistance 1, electricity
resistance, torment resistance 1, petrification resistance
a: Renounce Religion, Berserk


You were on level 3 of the Dungeon.
You worshipped Trog.
Trog was aware of your devotion.
You visited 1 branch of the dungeon, and saw 3 of its levels.

You collected 67 gold pieces.

Inventory:

Hand Weapons
 a - a +0 mace (weapon)
Armour
 b - a +0 animal skin (worn)
Scrolls
 c - a scroll of magic mapping {unknown}
 d - 2 scrolls of identify {unknown}
 f - 2 scrolls of enchant armour {unknown}
Potions
 e - a potion of attraction {unknown}
 g - a potion of curing {unknown}
 h - a potion of cancellation {unknown}
 i - a potion of mutation {unknown}
 j - a potion of brilliance {unknown}


   Skills:
 * Level 3.8 Fighting
 * Level 3.5 Maces & Flails
 * Level 3.0 Armour
 + Level 1.9 Dodging


You had 2 spell levels left.
You didn't know any spells.
Your spell library was empty.

Dungeon Overview and Level Annotations

Branches:
Dungeon (3/15)

Altars:

Annotations:
D:3 Natasha


Innate Abilities, Weirdness & Mutations

You are immune to sickness and miasma.
Your stone body is resilient. (AC +3)
You are immune to poison.
You resist negative energy. (rN+)
You are resistant to electric shocks. (rElec)
You are resistant to unholy torment.
You are immune to petrification.


Message History

You hit Natasha.
Natasha is heavily wounded.
The shadow imp misses you. The white imp closely misses you.
Natasha wildly gestures.
You feel troubled. Natasha claws you!
You are too injured to fight recklessly!
You are too injured to fight recklessly!
You are too injured to fight recklessly!
Your skin crawls.
You feel strong-willed.
You can no longer call upon Trog for regeneration and willpower.
The shadow imp barely misses you. Natasha barely misses you.
The white imp hits you. The white imp freezes you.
* * * LOW HITPOINT WARNING * * *
You fail to use your ability.
The shadow imp barely misses you. Natasha closely misses you.
The white imp misses you.
You miss Natasha.
Natasha is heavily wounded.
The shadow imp hits you.
* * * LOW HITPOINT WARNING * * *
The white imp hits you but does no damage.
Natasha misses you. The shadow imp barely misses you.
You closely miss Natasha.
Natasha is heavily wounded.
Natasha claws you.
* * * LOW HITPOINT WARNING * * *
The white imp shouts, "Embrace thy fall, thou euchred tardy-gaited vassal!"
The white imp barely misses you.
The shadow imp hits you but does no damage.
You thump Natasha!
Natasha is almost dead.
Natasha claws you.
* * * LOW HITPOINT WARNING * * *
The white imp hits you but does no damage.
The shadow imp barely misses you.
You closely miss Natasha.
Natasha is almost dead.
Natasha claws you!
You die...

...... #....# ##
.......# #†# . .......#
#.# #. ##.##...# # #.#
#.. .......###.####.##
###..##.##...##......<.#
#.....#.#....##..####..#
#.....5.........#.......
.....5h@5........####...
......#####..###.####..#
...[. #.............
.... ##:###........ .##
#.########.##
#..........#
############


You could see Natasha, 2 white imps and a shadow imp (summoned).

Vanquished Creatures
  An adder (D:2)
  A worm (D:2)
  A dart slug (D:2)
  A ball python (D:2)
  5 endoplasms
  2 giant cockroaches
  5 goblins
  2 hobgoblins
  2 jackals (D:3)
  2 quokkas
  3 bats
  7 kobolds
  A rat (D:1)
33 creatures vanquished.

Notes
Turn   | Place    | Note
-------+----------+-------------------------------------------
     0 | D:1      | sammy202020 the Gargoyle Berserker began the quest for the
                  | Orb.
     0 | D:1      | Reached XP level 1. HP: 14/14 MP: 1/1
   350 | D:1      | Found a faded altar of an unknown god.
   612 | D:1      | Reached XP level 2. HP: 17/19 MP: 2/2
  1721 | D:2      | Reached XP level 3. HP: 9/23 MP: 3/3
  2493 | D:3      | Reached ** piety under Trog
  2596 | D:3      | Noticed Natasha
  2608 | D:3      | Slain by Natasha

Illustrated notes

Levels and vault maps discovered:
D:1:      dpeg_arrival_oval, layout_loops_corners,
          ebering_ecumenical_altar_webs, chequers_serial_rivers_micro_b
D:2:      layout_basic
D:3:      layout_loops_ring, cheibriados_altar_1, serial_glass, glass_columns_b,
          glass_columns_b, uniq_sigmund, uniq_natasha

Skill      XL: |  1  2  3 |
---------------+----------+-----
Armour         | 3 |  3.0
Fighting       | |  3.8
Maces & Flails | |  3.5
Dodging        | |  1.9

Action                   || total
-------------------------++-------
Melee: Mace              ||    99
       Punch             ||     1
Invok: Trog's Hand       ||     1
 Stab: Sleeping          ||     2
Armor: Animal skin       ||    34
Dodge: Dodged            ||    74

Table legend: (Time is in decaauts)
 A = Elapsed time spent in this place.
 B = Non-inter-level travel time spent in this place.
 C = Inter-level travel time spent in this place.
 D = Time resting spent in this place.
 E = Time spent auto-exploring this place.
 F = Levels seen in this place.
 G = Mean time per level.
                   A        B        C        D        E       F      G
               +--------+--------+--------+--------+--------+-----+--------+
         Total |   2631 |   2571 |     60 |      0 |   2271 |   3 |  877.0 |
       Dungeon |   2631 |   2571 |     60 |      0 |   2271 |   3 |  877.0 |
               +--------+--------+--------+--------+--------+-----+--------+

Top non-repeatable levels by time:
     D:1: 1635 daAuts
     D:2: 873 daAuts
     D:3: 123 daAuts
